 Dungeon Crawl Stone Soup version 0.29.0-7-g18a832c13a (webtiles) character file.

Game seed: 15159584672206636289

17019 blackman the Spear-Bearer (level 12, -8/95 HPs)
             Began as a Human Wanderer on Aug 30, 2022.
             Was a High Priest of Cheibriados.
             Mangled by a minotaur
             ... wielding a +4 battleaxe of freezing
              (11 damage)
             ... in a Gauntlet.
             The game lasted 00:39:39 (17353 turns).

blackman the Spear-Bearer (Human Wanderer)         Turns: 17353, Time: 00:39:40

Health: -8/95      AC: 18    Str: 29    XL:     12   Next: 77%
Magic:  2/17       EV:  8    Int: 23    God:    Cheibriados [*****.]
Gold:   686        SH: 10    Dex: 30    Spells: 11/11 levels left

rFire   . . .      SeeInvis .   m - +12 demon trident "Xooqotuz" {elec, rN++}
rCold   + . .      Faith    +   K - +3 buckler
rNeg    + + .      Spirit   .   A - +0 chain mail
rPois   .          Reflect  .   (no helmet)
rElec   .          Harm     .   W - +1 cloak {rCorr}
rCorr   +          Rampage  .   v - +2 pair of gloves {infuse}
Will    .....      NoTele   +   S - +0 pair of boots
Stlth   ..........              h - amulet of faith
HPRegen 0.25/turn               E - +6 ring of dexterity
MPRegen 0.15/turn               G - ring of protection from cold

@: attractive, very slow
A: no striking features
a: Renounce Religion, Bend Time, Temporal Distortion, Slouch, Step From Time


You were in a Gauntlet.
You worshipped Cheibriados.
Cheibriados was extremely pleased with you.
You visited 3 branches of the dungeon, and saw 15 of its levels.
You also visited: Gauntlet.

You collected 686 gold pieces.

Inventory:

Hand Weapons
 a - a +1 spectral quarterstaff
 b - a +0 longbow
 m - the +12 demon trident "Xooqotuz" (weapon) {elec, rN++}
   (You acquired it on level 9 of the Dungeon)

   It occasionally discharges a powerful burst of electricity upon striking a
   foe.
   rN:        It greatly protects you from negative energy.
 r - a +0 spear
 t - a +2 dagger of venom
Missiles
 D - 5 poisoned darts
 H - 2 silver boomerangs
Armour
 e - a +0 leather armour
 v - a +2 pair of gloves of infusion (worn)
 A - a +0 chain mail (worn)
 K - a +3 buckler (worn)
 S - a +0 pair of boots (worn)
 W - a +1 cloak of preservation (worn)
Jewellery
 f - a ring of willpower
 h - an amulet of faith (around neck)
 l - a ring of wizardry
 w - an amulet of guardian spirit
 x - a ring of ice
 y - a ring of protection from fire
 z - an amulet of magic regeneration
 E - a +6 ring of dexterity (left hand)
 G - a ring of protection from cold (right hand)
Wands
 q - a wand of flame (38)
 Q - a wand of mindburst (2)
Scrolls
 d - 4 scrolls of fog
 g - 3 scrolls of poison
 k - 4 scrolls of teleportation
 n - a scroll of vulnerability
 o - 3 scrolls of noise
 s - 3 scrolls of amnesia
 C - a scroll of silence
 F - a scroll of immolation
 J - 2 scrolls of brand weapon
 M - a scroll of enchant weapon
 N - 4 scrolls of identify
Potions
 i - a potion of lignification {unknown}
 j - 5 potions of degeneration
 p - a potion of might {unknown}
 u - a potion of cancellation
 B - a potion of attraction
 I - a potion of flight {unknown}
 L - 2 potions of curing
 P - a potion of mutation {unknown}
 U - a potion of ambrosia {unknown}
 V - a potion of invisibility {unknown}
Miscellaneous
 c - a piece from Xom's chessboard (15/15) (quivered)


   Skills:
 - Level 9.0 Fighting
 * Level 14.6 Polearms
 - Level 8.1 Armour
 - Level 4.0 Shields
 - Level 7.0 Invocations
 - Level 3.0 Evocations


You had 11 spell levels left.
You didn't know any spells.
Your spell library contained the following spells:

 Spells                   Type           Power      Damage    Failure   Level
 Confusing Touch          Hex            0%         N/A       95%         3
 Ozocubu's Armour         Ice            0%         N/A       95%         3
 Corpse Rot               Necr/Pois/Air  0%         N/A       100%        4
 Dispel Undead            Necr           0%         3d6       100%        4
 Fireball                 Conj/Fire      0%         3d3       100%        5
 Iskenderun's Battlesphe  Conj           0%         2d6       100%        5
 Metabolic Englaciation   Hex/Ice        0%         N/A       100%        5
 Yara's Violent Unravell  Hex/Tmut       0%         3d3       100%        5
 Conjure Ball Lightning   Conj/Air       0%         3x3d6     100%        6
 Death Channel            Necr           0%         N/A       100%        6
 Simulacrum               Ice/Necr       0%         N/A       100%        6
 Enfeeble                 Hex            0%         N/A       100%        7
 Orb of Destruction       Conj           0%         9d5       100%        7


Dungeon Overview and Level Annotations

Branches:
Dungeon (12/15)            Temple (1/1) D:4            Lair (0/5) D:10
    Orc (2/2) D:11            Elf (0/3) Orc:2       Gauntlet (1/1)

Altars:
Ashenzari
Cheibriados
Dithmenos
Elyvilon
Fedhas
Gozag
Hepliaklqana
Kikubaaqudgha
Makhleb
Nemelex Xobeh
Okawaru
Qazlal
Ru
Sif Muna
Trog
Uskayaw
Vehumet
Wu Jian
Xom
Zin
The Shining One

Shops:
D:2 ?   D:4 (   D:7 =   D:8 :   Orc:1 *

Annotations:
D:4 1 runed translucent door, Crazy Yiuf Gauntlet 8 transporters


Message History

The minotaur is severely wounded.
You block the minotaur's attack.
The minotaur gores you but does no damage.
Aiming: Corrosive Bolt
Press: ? - help, Shift-Dir - straight line, f - minotaur
Aim: a minotaur, wielding a +4 battleaxe of freezing, wearing +1 ice dragon scales and quivering silver javelins (severely wounded, 81% to hit)
The bolt of acid hits the minotaur but does no damage.
The minotaur is severely wounded.
The now-empty wand crumbles to dust.
The minotaur hits you with a +4 battleaxe of freezing!!
* * * LOW HITPOINT WARNING * * *
The minotaur freezes you.
* * * LOW HITPOINT WARNING * * *
You block the minotaur's attack.
As you read the scroll labelled CYSHEGEAPSOIH, it crumbles to dust.
It is a scroll of enchant weapon.
Your +0 spectral quarterstaff glows red for a moment.
The minotaur hits you with a +4 battleaxe of freezing.
* * * LOW HITPOINT WARNING * * *
You block the minotaur's attack.
As you read the scroll labelled SAGUIM NYOXYQ, it crumbles to dust.
The creatures around you are filled with an inner flame!
It was a scroll of immolation.
You block the minotaur's attack. x2
Unknown command.
Okay, then.
Unknown command.
You feel much better.
The minotaur hits you with a +4 battleaxe of freezing!!
* * * LOW HITPOINT WARNING * * *
The minotaur freezes you.
* * * LOW HITPOINT WARNING * * *
You block the minotaur's attack.
Okay, then.
Unknown command.
Okay, then.
Unknown command.
It was a potion of attraction.
You feel attractive to monsters.
The minotaur hits you with a +4 battleaxe of freezing!
You die...

#######...##.....
..#Z..#...#....# ..
#.#.#[#...#.8©.# .#
#.#.#.#...#....# .#
##©##©#.8.#.8©.###.'
#.#.#$#...#....#...#
#.#.#$#...#.8©.#.#.#####
..#Z..#...#....#.#.....#
#######...##....@H....8#
..........≈##..###.##.##
..8.....8.####... ...
...........###### ####
########...≈#
.......#...##
○....#.#...≈#
##.##..#...##
##.##..#...≈#


You could see a minotaur (inner flame).

Vanquished Creatures
  A boulder beetle (D:11)
  A great orb of eyes (Gauntlet)
  A hydra (D:11)
  A two-headed ogre (D:11)
  Pikel (D:4)
  2 ugly things (Gauntlet)
  A gargoyle (D:10)
  A kobold demonologist (D:9)
  A komodo dragon (D:10)
  An efreet (Gauntlet)
  4 trolls
  A hornet (D:9)
  Prince Ribbit (D:5)
  Sigmund (D:2)
  2 shadows (D:11)
  A wraith (D:9)
  27 yaks
  Eustachio (D:5)
  3 fire elementals (Gauntlet)
  A wyvern (D:9)
  A steam dragon (D:9)
  Duvessa (D:4)
  3 hell hounds (Gauntlet)
  5 water moccasins
  5 orc warriors
  2 ice beasts (D:7)
  3 black bears
  2 ogres
  2 centaurs
  4 lemures (D:4)
  2 phantoms
  4 bullfrogs
  2 kobold brigands (D:10)
  2 gnoll sergeants (D:9)
  2 scorpions
  3 wights (D:9)
  Dowan (D:4)
  27 killer bees
  10 howler monkeys
  2 jellies
  7 orc priests
  A gnoll bouda (D:7)
  A hound (D:4)
  3 human skeletons (D:8)
  Jessica (D:2)
  Terence (D:2)
  12 orc wizards
  An iguana (D:5)
  12 gnolls
  9 adders
  A shadow imp (D:6)
  A white imp (D:7)
  An ufetubus (D:4)
  A worm (D:4)
  6 dart slugs
  33 orcs
  7 ball pythons
  3 endoplasms
  2 giant cockroaches
  5 goblins
  7 hobgoblins
  3 quokkas
  5 bats
  6 frilled lizards
  10 kobolds
  2 orc skeletons (D:8)
  An orc zombie (D:8)
  3 rats
281 creatures vanquished.

Vanquished Creatures (others)
  An orc wizard (D:8)
  51 fungi (D:10)
  49 plants (D:10)
  A withered plant (Gauntlet)
102 creatures vanquished.

Grand Total: 383 creatures vanquished

Notes
Turn   | Place    | Note
-------+----------+-------------------------------------------
     0 | D:1      | blackman the Human Wanderer began the quest for the Orb.
     0 | D:1      | blackman set off with the following items: a +0 spear, a +2
                  | buckler, a piece from Xom's chessboard (15/15), a scroll of
                  | fog, a +0 leather armour.
     0 | D:1      | Reached XP level 1. HP: 15/15 MP: 1/1
   174 | D:1      | Reached XP level 2. HP: 21/21 MP: 2/2
   175 | D:1      | Reached skill level 2 in Polearms
   319 | D:1      | Found a faded altar of an unknown god.
   349 | D:1      | Prayed at the altar of an unknown god.
   349 | D:1      | Became a worshipper of Cheibriados the Contemplative
   349 | D:1      | Reached * piety under Cheibriados
   556 | D:1      | Reached XP level 3. HP: 26/26 MP: 3/3
   792 | D:1      | Reached skill level 3 in Polearms
  1233 | D:2      | Noticed Jessica
  1236 | D:2      | Killed Jessica
  1237 | D:2      | Reached XP level 4. HP: 32/32 MP: 4/4
  1275 | D:2      | Found Kaxzax Data's Magic Scroll Emporium.
  1282 | D:2      | Reached ** piety under Cheibriados
  1371 | D:2      | Reached skill level 4 in Polearms
  1552 | D:2      | Noticed Terence
  1553 | D:2      | Noticed Sigmund
  2008 | D:3      | Noticed a scorpion
  2012 | D:3      | Killed a scorpion
  2013 | D:3      | Reached skill level 5 in Polearms
  2013 | D:3      | Reached XP level 5. HP: 33/37 MP: 5/5
  2344 | D:3      | Found a sacrificial altar of Ru.
  2413 | D:3      | Found an opulent altar of Gozag.
  2626 | D:4      | Noticed a black bear
  2630 | D:4      | Noticed a phantom
  2639 | D:4      | Killed a black bear
  2640 | D:4      | Reached skill level 6 in Polearms
  2640 | D:4      | Reached XP level 6. HP: 6/43 MP: 6/6
  2800 | D:4      | Found Eril's Weapon Emporium.
  2808 | D:4      | Reached *** piety under Cheibriados
  3180 | D:4      | Reached XP level 7. HP: 45/48 MP: 7/7
  3230 | D:4      | Noticed Pikel
  3395 | D:4      | Found a staircase to the Ecumenical Temple.
  3461 | Temple   | Entered the Ecumenical Temple
  3678 | D:4      | Noticed Duvessa
  3689 | D:4      | Killed Duvessa
  3690 | D:4      | Reached skill level 7 in Polearms
  3745 | D:4      | Noticed Dowan
  3760 | D:4      | Killed Dowan
  3945 | D:4      | Found a runed translucent door.
  3946 | D:4      | Noticed Crazy Yiuf
  4312 | D:5      | Entered Level 5 of the Dungeon
  4314 | D:5      | Noticed Prince Ribbit
  4324 | D:5      | Killed Prince Ribbit
  4325 | D:5      | Reached skill level 8 in Polearms
  4325 | D:5      | Reached XP level 8. HP: 24/54 MP: 8/8
  4863 | D:4      | Killed Pikel
  4864 | D:4      | Reached skill level 9 in Polearms
  5166 | D:5      | Reached **** piety under Cheibriados
  5548 | D:5      | Reached XP level 9. HP: 51/62 MP: 9/9
  5799 | D:5      | Found an ancient bone altar of Kikubaaqudgha.
  5804 | D:5      | Found a burning altar of Makhleb.
  5810 | D:5      | Found a blossoming altar of Fedhas.
  5909 | D:5      | Noticed Eustachio
  5915 | D:5      | Killed Eustachio
  6363 | D:2      | Killed Terence
  6538 | D:2      | Killed Sigmund
  6796 | D:6      | Found a shimmering altar of Xom.
  7529 | D:6      | Reached skill level 5 in Armour
  7678 | D:7      | Reached skill level 5 in Fighting
  8005 | D:7      | Reached XP level 10. HP: 22/76 MP: 4/10
  8430 | D:7      | Reached skill level 1 in Invocations
  8635 | D:7      | Found Jutisoof's Jewellery Shop.
  8929 | D:8      | Reached ***** piety under Cheibriados
  9596 | D:8      | Found an iron altar of Okawaru.
 10413 | D:8      | Found Okhlak's Self-Improvement Boutique.
 10426 | D:8      | Reached skill level 5 in Invocations
 10855 | D:8      | Found a shimmering blue altar of Sif Muna.
 11501 | D:9      | Found an ornate altar of the Wu Jian Council.
 11992 | D:9      | Paralysed by a hornet for 3 turns
 11998 | D:9      | Reached XP level 11. HP: 33/87 MP: 9/15
 12357 | D:9      | Found a radiant altar of Vehumet.
 12554 | D:9      | Reached skill level 10 in Polearms
 13374 | D:9      | Identified a scroll of acquirement
 13374 | D:9      | Acquired the +12 demon trident "Xooqotuz" {elec, rN++}
 13408 | D:10     | Entered Level 10 of the Dungeon
 13812 | D:10     | Found a staircase to the Lair.
 13846 | D:10     | Reached skill level 11 in Polearms
 15067 | D:11     | Noticed a two-headed ogre
 15073 | D:11     | Killed a two-headed ogre
 15267 | D:11     | Found a staircase to the Orcish Mines.
 15372 | D:11     | Reached skill level 12 in Polearms
 15374 | D:11     | Reached XP level 12. HP: 95/95 MP: 17/17
 15492 | D:11     | Noticed a five-headed hydra
 15494 | D:11     | Killed a five-headed hydra
 15577 | D:11     | Noticed a boulder beetle
 15590 | D:11     | Killed a boulder beetle
 16224 | D:12     | Reached skill level 13 in Polearms
 16322 | D:12     | Reached ****** piety under Cheibriados
 16406 | Orc:1    | Entered Level 1 of the Orcish Mines
 16406 | Orc:1    | Found Ryusoam's Assorted Antiques.
 16529 | Orc:2    | Entered Level 2 of the Orcish Mines
 16536 | Orc:2    | Found a gate leading to a gauntlet.
 16545 | Gauntlet | Entered a Gauntlet
 16545 | Gauntlet | Found a transporter.
 16548 | Gauntlet | Found a transporter.
 16548 | Gauntlet | Noticed a fire crab
 16551 | Gauntlet | Noticed a glowing orange brain
 16564 | Gauntlet | Found a transporter.
 16568 | Gauntlet | Found a transporter.
 16575 | Gauntlet | Noticed a glowing orange brain
 16578 | Gauntlet | Found a transporter.
 16590 | Gauntlet | Noticed a glowing orange brain
 16598 | Gauntlet | Found a transporter.
 16611 | Gauntlet | Found a transporter.
 16628 | Gauntlet | Found a transporter.
 16632 | Gauntlet | Found a transporter.
 16639 | Gauntlet | Noticed a great orb of eyes
 16640 | Gauntlet | Found a transporter.
 16663 | Gauntlet | Found a transporter.
 16665 | Gauntlet | Found a transporter.
 16833 | Gauntlet | Reached skill level 14 in Polearms
 16839 | Gauntlet | Killed a great orb of eyes
 17341 | Gauntlet | Noticed a minotaur
 17349 | Gauntlet | HP: 4/95 [minotaur/+4 battleaxe of freezing (5)]
 17353 | Gauntlet | Mangled by a minotaur

Illustrated notes

Levels and vault maps discovered:
D:1:      reono_arrival_forest_river, layout_loops_ring, basic_ecumenical_altar
D:2:      layout_loops_ring, serial_shops, shop, minmay_close_crescents,
          uniq_terence, uniq_sigmund, uniq_jessica
D:3:      layout_loops_ring, mainiacjoe_overflow_surrounded_room,
          lemuel_coloured_pillars_altar
D:4:      layout_loops_ring, minmay_temple_entry_trees, serial_shops,
          nicolae_shop_bloodbath_and_beyond, uniq_duvessa,
          uniq_crazy_yiuf_cottage, uniq_pikel
D:5:      layout_loops_corners, grunt_temple_overflow_open, lemuel_old_faithful,
          uniq_prince_ribbit1, uniq_eustachio
D:6:      layout_loops_cross, mainiacjoe_overflow_alcove_2
D:7:      layout_basic, eino_small_chamber_without_monster,
          minmay_shop_enchanted_jewellery
D:8:      layout_basic, okawaru_ov_weapons_minmay, led_sif_book,
          nicolae_ossuary_entry_catacombs, nicolae_shop_self_help
D:9:      layout_basic, nicolae_vehumet_radiance,
          pdpol_wu_jian_five_deadly_venoms
D:10:     layout_long_grid, due_lair_maze_entry_diamond, grunt_ministairs_6,
          kennysheep_small_circle
D:11:     layout_loops_ring, orc_0_dummy
D:12:     layout_loops_corners, serial_undead, serial_undead_a, serial_undead_b,
          serial_undead_d, serial_undead_f, serial_undead_c, uniq_sonja,
          uniq_snorg, uniq_kirke
Temple:   nicolae_temple_slightly_damp_pantheon
Orc:1:    layout_diamond_mine, serial_shops, shop, elves_outpost_lemuel
Orc:2:    st_orc_town, layout_diamond_mine, gauntlet_entry_generic, basic_altar,
          nicolae_orc_sculptors_studio, nicolae_orc_lava_room
Gauntlet: minmay_gauntlet_mixed_oops_all_seconds
          [minmay_gauntlet_arena_77_checkered, gammafunk_gauntlet_arena_teeth,
          minmay_gauntlet_arena_77_chump_sandwich,
          gammafunk_gauntlet_arena_spirals, minmay_gauntlet_arena_77_two_paths,
          nicolae_gauntlet_arena_blocks, nicolae_gauntlet_exit_dead_adventurers]

Skill      XL: |  1  2  3  4  5  6  7  8  9 10 11 12 |
---------------+-------------------------------------+-----
Polearms       | 2 3 5 6 8 9 12 14 | 14.6
Fighting       | 2 6 8 9 |  9.0
Armour         | 2 6 8 |  8.1
Invocations    | 6 7 |  7.0
Shields        | |  4.0
Evocations     | |  3.0

Action                   |  1- 3 |  4- 6 |  7- 9 | 10-12 || total
-------------------------+-------+-------+-------+-------++-------
Melee: Spear             |    86 |       |       |       ||    86
       Quarterstaff      |     1 |    58 |   129 |   160 ||   348
       Demon trident     |       |       |       |   234 ||   234
       Dagger            |       |       |       |     2 ||     2
 Fire: Longbow           |       |       |       |    21 ||    21
Invok: Slouch            |       |       |     1 |     9 ||    10
Evoke: Wand              |       |     4 |    10 |     8 ||    22
  Use: Scroll            |       |     2 |     5 |     8 ||    15
       Potion            |       |     4 |       |     5 ||     9
 Stab: Sleeping          |     2 |       |       |       ||     2
       Distracted        |       |       |     4 |     1 ||     5
Armor: Leather armour    |    14 |    16 |     2 |       ||    32
       Chain mail        |       |       |    44 |   159 ||   203
Dodge: Dodged            |    22 |    34 |    49 |   116 ||   221
Block: Buckler           |     9 |       |       |    62 ||    71
